 Dungeon Crawl Stone Soup version 0.28-a0-1344-g6b9ff3a05d (webtiles) character file.

Game seed: 5014207311278544599

33 Delamore the Shield-Bearer (level 3, -1/23 HPs)
             Began as a Gargoyle Fighter on Dec 29, 2021.
             Slain by a gnoll (8 damage)
             ... on level 1 of the Dungeon.
             The game lasted 00:01:02 (1044 turns).

Delamore the Shield-Bearer (Gargoyle Fighter)       Turns: 1044, Time: 00:01:02

Health: -1/23      AC: 12    Str: 21    XL:     3   Next: 29%
Magic:  3/3        EV:  7    Int:  8    God:
Gold:   30         SH:  4    Dex:  9    Spells: 2/2 levels left

rFire   . . .      SeeInvis .   a - +0 flail
rCold   . . .      Faith    .   c - +0 buckler
rNeg    + . .      Spirit   .   k - +0 chain mail
rPois   ∞          Reflect  .   (no helmet)
rElec   +          Harm     .   (no cloak)
rCorr   .          Rampage  .   (no gloves)
Will    .....                   (no boots)
Stlth   ..........              (no amulet)
HPRegen 0.07/turn               (no ring)
MPRegen 0.08/turn               (no ring)

@: no status effects
A: sickness immunity, AC +3, negative energy resistance 1, electricity
resistance, torment resistance 1, petrification resistance
a: no special abilities


You were on level 1 of the Dungeon.
You visited 1 branch of the dungeon, and saw 2 of its levels.

You collected 30 gold pieces.

Inventory:

Hand Weapons
 a - a +0 flail (weapon)
Missiles
 g - 20 poisoned darts (quivered)
Armour
 b - a +0 scale mail
 c - a +0 buckler (worn)
 k - a +0 chain mail (worn)
Scrolls
 i - a scroll of identify
 j - a scroll of silence
Potions
 d - a potion of might
 e - 2 potions of heal wounds {unknown}
 f - a potion of brilliance {unknown}
 h - 2 potions of haste
 l - a potion of degeneration {unknown}


   Skills:
 - Level 3.2 Fighting
 + Level 3.0 Maces & Flails
 - Level 3.2 Armour
 - Level 4.0 Shields


You had 2 spell levels left.
You didn't know any spells.
Your spell library was empty.

Dungeon Overview and Level Annotations

Branches:
Dungeon (2/15)

Altars:


Innate Abilities, Weirdness & Mutations

You are immune to sickness and miasma.
Your stone body is resilient. (AC +3)
You are immune to poison.
You resist negative energy. (rN+)
You are resistant to electric shocks. (rElec)
You are resistant to unholy torment.
You are immune to petrification.


Message History

No target in view!
No target in view!
No target in view!
No target in view!
HP restored.
Found a dagger.
As you open the door, it creaks loudly! 3 gnolls come into view.
The gnoll shouts! x3
There are monsters nearby!
You hit the gnoll.
The gnoll is moderately wounded.
The gnoll hits you with a +0 club!
You hit the gnoll.
The gnoll is heavily wounded.
The gnoll hits you but does no damage.
You barely miss the gnoll.
The gnoll is heavily wounded.
The gnoll hits you with a +0 club. The gnoll hits you but does no damage.
You closely miss the gnoll. The gnoll hits you but does no damage.
The gnoll hits you from afar with a +0 halberd.
You are too injured to fight recklessly!
You are too injured to fight recklessly!
You are too injured to fight recklessly!
You are too injured to fight recklessly!
You are too injured to fight recklessly!
You are too injured to fight recklessly!
You are too injured to fight recklessly!
You are too injured to fight recklessly!
You are too injured to fight recklessly!
You are too injured to fight recklessly!
You are too injured to fight recklessly!
You are too injured to fight recklessly!
You are too injured to fight recklessly!
There is a stone staircase leading up here.
The gnoll hits you with a +0 flail.
You climb upwards.
There is a stone staircase leading down here.
You closely miss the gnoll. The gnoll hits you with a +0 flail!
You die...

####.#.>#..#.#.#..#
.............#.#..#
####.#.....#.#.#..# #
#.#.....#.#.#..#
####.......#...#..#######
...#######.#...#..##....#
...+...........#..##.##.######
...#######..#.##..##.#.......#
...............g@.##.#..####.#
#....^...#..#..#.###.#..#..#.#
............##.#.# #.####..#.#
..#.####....##...# #.......#.#
..#.# ####.####..# #####...#.#
..### #....# #..# #...#.# ..#
#.#### ##.#######...#.# ###
#.########...).........#
#............#......####


You could see a gnoll.

Vanquished Creatures
  A worm (D:2)
  A dart slug (D:1)
  3 ball pythons
  4 bats (D:1)
  An endoplasm (D:1)
  2 giant cockroaches (D:1)
  2 hobgoblins (D:1)
  A quokka (D:1)
  4 frilled lizards
  3 goblins (D:1)
  3 kobolds (D:1)
  2 rats (D:1)
27 creatures vanquished.

Notes
Turn   | Place    | Note
-------+----------+-------------------------------------------
     0 | D:1      | Delamore the Gargoyle Fighter began the quest for the Orb.
     0 | D:1      | Reached XP level 1. HP: 14/14 MP: 1/1
   230 | D:1      | Found a faded altar of an unknown god.
   237 | D:1      | Reached XP level 2. HP: 15/19 MP: 2/2
   453 | D:1      | Reached skill level 4 in Shields
   605 | D:1      | Reached XP level 3. HP: 21/23 MP: 3/3
  1044 | D:1      | Slain by a gnoll

Illustrated notes

Levels and vault maps discovered:
D:1:      scummos_arrival_star, layout_basic, shapermc_ecumenical_altar_venn,
          minmay_pentomino_t4
D:2:      layout_loops_corners

Skill      XL: |  1  2  3 |
---------------+----------+-----
Shields        | 4 |  4.0
Maces & Flails | 3 |  3.0
Fighting       | |  3.2
Armour         | |  3.2

Action                   || total
-------------------------++-------
Melee: Flail             ||    97
  Use: Scroll            ||     1
Armor: Scale mail        ||    38
       Chain mail        ||    22
Dodge: Dodged            ||    56
Block: Buckler           ||    28

Table legend: (Time is in decaauts)
 A = Elapsed time spent in this place.
 B = Non-inter-level travel time spent in this place.
 C = Inter-level travel time spent in this place.
 D = Time resting spent in this place.
 E = Time spent auto-exploring this place.
 F = Levels seen in this place.
 G = Mean time per level.
                   A        B        C        D        E       F      G
               +--------+--------+--------+--------+--------+-----+--------+
         Total |   1071 |   1055 |     16 |      0 |    817 |   2 |  535.5 |
       Dungeon |   1071 |   1055 |     16 |      0 |    817 |   2 |  535.5 |
               +--------+--------+--------+--------+--------+-----+--------+

Top non-repeatable levels by time:
     D:1: 973 daAuts
     D:2: 98 daAuts
